 Dungeon Crawl Stone Soup version 0.28-a0-828-g0121872642 (webtiles) character file.

Game seed: 2511967328260235275

78 ders the Digger (level 4, 0/24 HPs)
             Began as a Gargoyle Earth Elementalist on Nov 10, 2021.
             Slain by an adder (3 damage)
             ... on level 3 of the Dungeon.
             The game lasted 00:05:14 (2397 turns).

ders the Digger (Gargoyle Earth Elementalist)       Turns: 2397, Time: 00:05:14

Health: 0/24       AC:  5    Str: 12    XL:     4   Next: 36%
Magic:  2/8        EV: 11    Int: 16    God:
Gold:   62         SH:  0    Dex: 10    Spells: 5/9 levels left

rFire   + . .      SeeInvis .   (no weapon)
rCold   x . .      Faith    .   (no shield)
rNeg    + . .      Spirit   .   b - +0 robe
rPois   ∞          Reflect  .   (no helmet)
rElec   +          Harm     .   (no cloak)
rCorr   .          Rampage  .   (no gloves)
Will    .....                   (no boots)
Stlth   ++........              (no amulet)
HPRegen 0.08/turn               f - ring of fire
MPRegen 0.11/turn               (no ring)

@: no status effects
A: sickness immunity, AC +3, negative energy resistance 1, electricity
resistance, torment resistance 1, petrification resistance
a: no special abilities


You were on level 3 of the Dungeon.
You visited 1 branch of the dungeon, and saw 3 of its levels.

You collected 62 gold pieces.

Inventory:

Armour
 b - a +0 robe (worn)
Jewellery
 f - a ring of fire (left hand)
Scrolls
 a - a scroll of noise {unknown}
 c - a scroll of amnesia {unknown}
 d - a scroll of magic mapping {unknown}
 i - 3 scrolls of identify {unknown}
 j - a scroll of vulnerability {unknown}
Potions
 e - a potion of invisibility {unknown}
 g - a potion of attraction {unknown}
 h - a potion of degeneration {unknown}
 k - a potion of magic {unknown}
 l - a potion of resistance {unknown}


   Skills:
 - Level 1.5 Dodging
 - Level 2.1 Stealth
 + Level 3.0 Spellcasting
 * Level 1.1 Conjurations
 + Level 0.7 Transmutations
 + Level 5.0 Earth Magic


You had 5 spell levels left.
You knew the following spells:

 Your Spells              Type           Power      Damage    Failure   Level
a - Sandblast             Erth           36%        2d10      2%          1
b - Stone Arrow           Conj/Erth      24%        3d8       16%         3

Your spell library contained the following spells:

 Spells                   Type           Power      Damage    Failure   Level
 Passwall                 Tmut/Erth      9%         N/A       9%          2
 Mephitic Cloud           Conj/Pois/Air  3%         N/A       43%         3
 Ignite Poison            Fire/Tmut/Pois 4%         N/A       45%         3
 Petrify                  Tmut/Erth      11%        N/A       50%         4
 Freezing Cloud           Conj/Ice/Air   1%         6-21      99%         5


Dungeon Overview and Level Annotations

Branches:
Dungeon (3/15)

Altars:
Qazlal
The Shining One

Shops:
D:1 !


Innate Abilities, Weirdness & Mutations

You are immune to sickness and miasma.
Your stone body is resilient. (AC +3)
You are immune to poison.
You resist negative energy. (rN+)
You are resistant to electric shocks. (rElec)
You are resistant to unholy torment.
You are immune to petrification.


Message History

The ball python constricts you.
You hit the ball python.
You kill the ball python!
The adder bites you but does no damage.
Your magical contamination has completely faded away.
Your Spellcasting skill increases to level 3!
The adder bites you. The adder bites you but does no damage.
You see here a ball python corpse.
Things that are here:
a +0 flail; an orc corpse The adder bites you but does no damage.
The adder misses you. The adder misses you.
Casting: Stone Arrow (quite dangerous; 16% risk of failure)
Confirm with . or Enter, or press ? or * to list all spells.
You don't have enough magic to cast this spell.
An adder is nearby!
The adder bites you but does no damage. The adder bites you.
* * * LOW HITPOINT WARNING * * *
Casting: Stone Arrow (quite dangerous; 16% risk of failure)
Confirm with . or Enter, or press ? or * to list all spells.
The spell is quite dangerous to cast (16% risk of failure)!
Continue anyway?
Aiming: Stone Arrow (quite dangerous; 16% risk of failure)
Press: ? - help, Shift-Dir - straight line, f - adder
Aim: an adder (48% to hit)
You miscast Stone Arrow.
You are very lightly contaminated with residual magic.
Nothing appears to happen.
The adder bites you but does no damage. x2
The adder barely misses you. The adder closely misses you.
Your magical contamination has completely faded away.
The adder bites you.
* * * LOW HITPOINT WARNING * * *
Found 14 stones.
Found a stone staircase leading up.
The adder bites you.
* * * LOW HITPOINT WARNING * * *
The adder closely misses you. The adder bites you.
You die...

#.##..... ##.##
#.##.#### # ##...##
#.##.####
.##.....#######........
............).....####
#.....############ #
.#.##...######### #
................# #
#@#######†# # #S# #.#
## #.# #.# #.
#######.#######)# #.
#<...........##.# #.
#.#####.####.##.# #.
#.# #.##.# #. #.#
##.##.# #. #.###...#.#
#.


You could see an adder.

Vanquished Creatures
  An adder (D:2)
  A dart slug (D:1)
  5 orcs (D:3)
  3 ball pythons
  7 endoplasms
  3 giant cockroaches
  3 goblins
  7 hobgoblins
  6 jackals
  3 kobolds
  3 quokkas
  4 bats
  A frilled lizard (D:3)
  3 rats
50 creatures vanquished.

Notes
Turn   | Place    | Note
-------+----------+-------------------------------------------
     0 | D:1      | ders the Gargoyle Earth Elementalist began the quest for
                  | the Orb.
     0 | D:1      | Reached XP level 1. HP: 10/10 MP: 3/3
    85 | D:1      | Reached XP level 2. HP: 15/15 MP: 0/5
   175 | D:1      | Reached skill level 4 in Earth Magic
   354 | D:1      | Found a faded altar of an unknown god.
   467 | D:1      | Reached XP level 3. HP: 19/19 MP: 0/6
   536 | D:1      | Learned a level 3 spell: Stone Arrow
   750 | D:1      | Found Uruavu's Distillery.
  1151 | D:2      | Found a glowing golden altar of the Shining One.
  1603 | D:2      | Reached XP level 4. HP: 24/24 MP: 5/8
  1783 | D:3      | Reached skill level 5 in Earth Magic
  1985 | D:3      | Reached skill level 1 in Conjurations
  2263 | D:3      | Found a stormy altar of Qazlal.
  2397 | D:3      | Slain by an adder

Illustrated notes

Levels and vault maps discovered:
D:1:      heliophobic_arrival_glass_houses, layout_rooms,
          hellmonk_ecumenical_altar_pennies_from_heaven, serial_shops,
          nicolae_shop_behind_doors
D:2:      layout_rooms, basic_altar
D:3:      layout_loops_ring, lemuel_coloured_pillars_altar, minmay_unequal,
          uniq_jessica, uniq_pargi

Skill      XL: |  1  2  3  4 |
---------------+-------------+-----
Earth Magic    | 4 5 |  5.0
Conjurations   | 1 |  1.1
Spellcasting   | 3 |  3.0
Dodging        | |  1.5
Stealth        | |  2.1
Transmutations | |  0.7

Action                   |  1- 3 |  4- 6 || total
-------------------------+-------+-------++-------
Melee: Unarmed           |       |    21 ||    21
 Cast: Sandblast         |    49 |     3 ||    52
       Stone Arrow       |     3 |    10 ||    13
Armor: Robe              |     6 |    13 ||    19
Dodge: Dodged            |    11 |    23 ||    34

Table legend: (Time is in decaauts)
 A = Elapsed time spent in this place.
 B = Non-inter-level travel time spent in this place.
 C = Inter-level travel time spent in this place.
 D = Time resting spent in this place.
 E = Time spent auto-exploring this place.
 F = Levels seen in this place.
 G = Mean time per level.
                   A        B        C        D        E       F      G
               +--------+--------+--------+--------+--------+-----+--------+
         Total |   2399 |   2381 |     18 |   1074 |    926 |   3 |  799.7 |
       Dungeon |   2399 |   2381 |     18 |   1074 |    926 |   3 |  799.7 |
               +--------+--------+--------+--------+--------+-----+--------+

Top non-repeatable levels by time:
     D:1: 856 daAuts
     D:2: 795 daAuts
     D:3: 747 daAuts
